[Event "ICC tourney 2556 (25 5)"]
[Site "Internet Chess Club"]
[Date "2021.05.08"]
[Round "3"]
[White "KRISHNA JAYAKRISHNAN, CHETHAN:K05-16682197"]
[Black "MUKTINUTALAPATI, NIKHIL:K05-16577451"]
[Result "0-1"]
[ICCResult "White checkmated"]
[WhiteElo "693"]
[BlackElo "316"]
[Opening "two knights defense: Kieseritsky variation"]
[ECO "C58"]
[NIC "KP.01"]
[Time "15:32:54"]
[PlyCount "82"]
[TimeControl "1500+5"]

1. e4 e5 2. Nf3 Nc6 3. Bc4 Nf6 4. Ng5 d5 5. exd5 Na5 6. d3 h6 7. Nf3 e4 8.
Qe2 c6 9. dxc6 bxc6 10. dxe4 Bb4+ 11. c3 Bc5 12. e5 Ng4 13. O-O Bb6 14. e6
fxe6 15. Bxe6 Qe7 16. Re1 Bxe6 17. Qxe6 Qxe6 18. Rxe6+ Kd7 19. Re4 Bxf2+
20. Kf1 Nf6 21. Re2 Bc5 22. Ne5+ Ke6 23. Ng6+ Kf7 24. Nxh8+ Kg8 25. Ng6 Rd8
26. Bd2 Nc4 27. Na3 Nxd2+ 28. Ke1 Ng4 29. Rxd2 Re8+ 30. Kd1 Nf2+ 31. Kc2
Kh7 32. Nf4 Be3 33. Rd6 Bxf4 34. Rxc6 Re2+ 35. Kb3 Nd3 36. Rf1 Rxb2+ 37.
Ka4 Ne5 38. Ra6 Nd3 39. Rf3 Nc5+ 40. Ka5 Bc7+ 41. Rb6 Bxb6# { White
checkmated } 0-1

[Event "ICC tourney 2556 (25 5)"]
[Site "Internet Chess Club"]
[Date "2021.05.08"]
[Round "3"]
[White "SAI POTHABATHULA, RAHUL:K05-17274526"]
[Black "RUTHERFORD, ELI:K05-16195682"]
[Result "1/2-1/2"]
[ICCResult "Game drawn by mutual agreement"]
[WhiteElo "1154"]
[BlackElo "785"]
[Opening "Scandinavian: Pytel-Wade variation"]
[ECO "B01"]
[NIC "SD.02"]
[Time "15:31:50"]
[PlyCount "177"]
[TimeControl "1500+5"]

1. e4 d5 2. exd5 Qxd5 3. Nc3 Qd6 4. d4 Nc6 5. Nf3 Bf5 6. Bc4 Nf6 7. Bg5 g6
8. Qd2 Bg7 9. Rd1 O-O 10. h3 Rfe8 11. O-O e5 12. dxe5 Qxd2 13. Rxd2 Nxe5
14. Nxe5 Rxe5 15. Be3 a6 16. Bd4 Rd8 17. Rfd1 Ree8 18. Bxf6 Rxd2 19. Rxd2
Bxf6 20. g4 Be4 21. Nxe4 Rxe4 22. b3 b5 23. Bd5 Re7 24. Bb7 a5 25. Ba6 b4
26. Rd5 Re1+ 27. Kg2 Rc1 28. Bd3 Bc3 29. Rxa5 Ra1 30. h4 Bf6 31. h5 gxh5
32. gxh5 h6 33. Ra4 Be7 34. Ra7 Bd6 35. Kf3 Kg7 36. Ra5 Re1 37. Be2 Rc1 38.
Bd3 Re1 39. Rd5 Re6 40. Rf5 Re1 41. Kg2 Ra1 42. Ra5 Re1 43. f3 Kf6 44. Kf2
Rh1 45. Rf5+ Kg7 46. Ke3 Re1+ 47. Kd4 Re6 48. Kc4 Be7 49. c3 Rc6+ 50. Kb5
Rb6+ 51. Ka4 bxc3 52. Bc2 Rd6 53. Rc5 Bf6 54. b4 Rd2 55. Kb3 Rf2 56. a4
Rxf3 57. a5 Re3 58. a6 Re8 59. a7 Ra8 60. Rxc7 Bd4 61. Be4 Rxa7 62. Rxa7
Bxa7 63. Kxc3 Bf2 64. Bf3 Kf6 65. Kc4 Kg5 66. b5 f6 67. Kd5 Kf4 68. Bd1 f5
69. Ke6 Kg5 70. Kd5 f4 71. Ke4 Be3 72. Bf3 Kf6 73. Bd1 Kg5 74. Ke5 Bd2 75.
b6 Ba5 76. b7 Bc7+ 77. Ke6 Bb8 78. Kd7 Be5 79. Ke6 Bb8 80. Kd7 Be5 81. Kc8
Kh4 82. b8=Q Bxb8 83. Kxb8 Kg3 84. Kc7 f3 85. Kd6 f2 86. Be2 Kh4 87. Ke5
f1=Q 88. Bxf1 Kxh5 89. Kf4 { Game drawn by mutual agreement } 1/2-1/2

[Event "ICC tourney 2556 (25 5)"]
[Site "Internet Chess Club"]
[Date "2021.05.08"]
[Round "3"]
[White "FEUERSTEIN, JACOB:K05-16195750"]
[Black "SKANDA, SAURAV:K05-30130797"]
[Result "1-0"]
[ICCResult "Black checkmated"]
[WhiteElo "1099"]
[BlackElo "731"]
[Opening "Sicilian: Alapin's variation (2.c3)"]
[ECO "B22"]
[NIC "SI.46"]
[Time "15:32:24"]
[PlyCount "145"]
[TimeControl "1500+5"]

1. e4 c5 2. c3 d6 3. d4 cxd4 4. cxd4 Nf6 5. Nc3 g6 6. Bf4 Bg7 7. Nf3 O-O 8.
Qc2 Nc6 9. O-O-O Bd7 10. e5 dxe5 11. dxe5 Bf5 12. Rxd8 Bxc2 13. Rxf8+ Rxf8
14. Kxc2 Ng4 15. Bg3 e6 16. Bb5 Ncxe5 17. Nxe5 Nxe5 18. Bxe5 Bxe5 19. h4 h5
20. Be2 Rd8 21. Rd1 Rxd1 22. Bxd1 Kg7 23. g4 Kh6 24. g5+ Kg7 25. Bf3 b6 26.
Nb5 a6 27. Nc3 Bd4 28. Nd1 a5 29. Kd3 e5 30. Kc4 f6 31. gxf6+ Kxf6 32. a4
Kf5 33. Kd3 Kf4 34. Ke2 g5 35. hxg5 Kxg5 36. b3 h4 37. Ne3 Kf4 38. Nc2 h3
39. Nxd4 exd4 40. Ba8 Ke5 41. Kd3 h2 42. f4+ Kxf4 43. Kxd4 Kg3 44. Kc4 Kf2
45. b4 Kg1 46. b5 h1=Q 47. Bxh1 Kxh1 48. Kd5 Kg2 49. Kc6 Kf3 50. Kxb6 Ke4
51. Kxa5 Kd5 52. b6 Kc6 53. Ka6 Kd7 54. b7 Kc7 55. Ka7 Kd8 56. b8=Q+ Kd7
57. a5 Kc6 58. Qb6+ Kd7 59. Qc5 Ke6 60. Qd4 Ke7 61. Qd5 Ke8 62. Qd6 Kf7 63.
Qe5 Kf8 64. Qe6 Kg7 65. Qf5 Kg8 66. Qf6 Kh7 67. Qg5 Kh8 68. Kb7 Kh7 69. Kc7
Kh8 70. Kd7 Kh7 71. Ke7 Kh8 72. Kf7 Kh7 73. Qg7# { Black checkmated } 1-0

[Event "ICC tourney 2556 (25 5)"]
[Site "Internet Chess Club"]
[Date "2021.05.08"]
[Round "3"]
[White "GASINSKY, JACOB:K05-16624648"]
[Black "DHURJATI, ANAGHA:K05-17003536"]
[Result "1-0"]
[ICCResult "Black forfeits on time"]
[WhiteElo "807"]
[BlackElo "1269"]
[Opening "Ruy Lopez: exchange, Keres variation"]
[ECO "C68"]
[NIC "RL.08"]
[Time "15:32:39"]
[PlyCount "71"]
[TimeControl "1500+5"]

1. e4 e5 2. Nf3 Nc6 3. Bb5 a6 4. Bxc6 dxc6 5. Nc3 Bc5 6. Nxe5 Nf6 7. O-O
O-O 8. d3 Re8 9. Nf3 Bg4 10. Bg5 b5 11. h3 Bxf3 12. Qxf3 Bd4 13. Rfe1 Qd7
14. Bxf6 Bxf6 15. Qf4 Be5 16. Qf5 Qd4 17. Re3 Re6 18. Rf3 Rf6 19. Qg4 Rg6
20. Qf5 Rf6 21. Qh5 Rxf3 22. Qxf3 Re8 23. Qg4 h6 24. Rb1 Re6 25. Ne2 Qc5
26. c3 Qf8 27. d4 Rg6 28. Qf3 Bd6 29. e5 Be7 30. Nf4 Rg5 31. e6 fxe6 32.
Qe4 Qf7 33. Qxe6 Bd6 34. Qxf7+ Kxf7 35. Nd3 Rd5 36. b3 { Black forfeits on
time } 1-0

[Event "ICC tourney 2556 (25 5)"]
[Site "Internet Chess Club"]
[Date "2021.05.08"]
[Round "3"]
[White "YIN, HAOXUAN:K05-16009384"]
[Black "PUROHIT, VIHAAN:K05-16766058"]
[Result "1-0"]
[ICCResult "Black checkmated"]
[WhiteElo "790"]
[BlackElo "1193"]
[Opening "French: exchange variation"]
[ECO "C01"]
[NIC "FR.01"]
[Time "15:31:24"]
[PlyCount "61"]
[TimeControl "1500+5"]

1. e4 e6 2. d4 d5 3. exd5 exd5 4. Nf3 Nf6 5. Bd3 Bd6 6. O-O O-O 7. Bg5 Bg4
8. h3 Bh5 9. Nbd2 Nbd7 10. c4 c6 11. Qc2 h6 12. Bh4 Qc7 13. g4 Ne4 14. gxh5
Nxd2 15. Nxd2 Bh2+ 16. Kg2 dxc4 17. Bxc4 b5 18. Bb3 a5 19. Qf5 a4 20. Bc2
f6 21. Rae1 Be5 22. Qh7+ Kf7 23. Bg6+ Ke7 24. Qxg7+ Kd6 25. Ne4+ Ke6 26.
d5+ Kxd5 27. Bf7+ Rxf7 28. Qxf7+ Kd4 29. Rd1+ Kxe4 30. Qg6+ Kf4 31. Bg3# {
Black checkmated } 1-0

[Event "ICC tourney 2556 (25 5)"]
[Site "Internet Chess Club"]
[Date "2021.05.08"]
[Round "3"]
[White "SHENVI PRIOLKAR, ANSH:K05-30065668"]
[Black "JAVERI, ARHAN:K05-16378223"]
[Result "0-1"]
[ICCResult "White checkmated"]
[WhiteElo "941"]
[BlackElo "1495"]
[Opening "Caro-Kann: exchange variation"]
[ECO "B13"]
[NIC "CK.02"]
[Time "15:31:05"]
[PlyCount "80"]
[TimeControl "1500+5"]

1. e4 c6 2. d4 d5 3. exd5 cxd5 4. Bd3 Nc6 5. c3 Nf6 6. Nf3 Bg4 7. Bf4 e6 8.
Nbd2 Bd6 9. Bg3 O-O 10. Qb3 Na5 11. Qc2 Rc8 12. a3 a6 13. Ne5 b5 14. h3 Bh5
15. O-O Nc6 16. Ndf3 b4 17. Bxa6 Rc7 18. Qd2 bxa3 19. bxa3 Ne4 20. Qd3 Nxg3
21. fxg3 Bxe5 22. Nxe5 Nxe5 23. dxe5 Bg6 24. Qe3 Qa8 25. Be2 Qa5 26. Rfc1
Rfc8 27. a4 Rxc3 28. Rxc3 Rxc3 29. Rc1 d4 30. Qd2 Qc5 31. Rxc3 Qxc3 32. Qd1
d3 33. Kf2 Qd4+ 34. Kf3 Be4+ 35. Kg4 Bd5+ 36. Kg5 Qxe5+ 37. Kg4 Qf5+ 38.
Kh4 g5+ 39. Kh5 Qg6+ 40. Kg4 f5# { White checkmated } 0-1

[Event "ICC tourney 2556 (25 5)"]
[Site "Internet Chess Club"]
[Date "2021.05.08"]
[Round "3"]
[White "CHANG LIU, ERIC:K05-16650666"]
[Black "OSCAR LI, JINGTU:K05-16113408"]
[Result "1-0"]
[ICCResult "Black checkmated"]
[WhiteElo "2046"]
[BlackElo "1407"]
[Opening "Sicilian: accelerated fianchetto, Maróczy bind, 6.Be3"]
[ECO "B38"]
[NIC "SI.33"]
[Time "15:32:44"]
[PlyCount "97"]
[TimeControl "1500+5"]

1. e4 c5 2. Nf3 Nc6 3. d4 cxd4 4. Nxd4 g6 5. c4 Bg7 6. Be3 Nf6 7. Nc3 O-O
8. Be2 d6 9. O-O Bd7 10. Rc1 a6 11. f3 Rc8 12. Qd2 Ne5 13. Nd5 e6 14. Nxf6+
Bxf6 15. Rfd1 Bc6 16. Nxc6 Rxc6 17. b3 Qc7 18. f4 Nd7 19. e5 Nxe5 20. fxe5
Bxe5 21. Bf3 d5 22. cxd5 exd5 23. Qxd5 Rxc1 24. Rxc1 Qd6 25. Qxd6 Bxd6 26.
Bxb7 Re8 27. Rc8 Rxc8 28. Bxc8 a5 29. Bd2 Bb4 30. Bxb4 axb4 31. Kf2 Kf8 32.
Ke3 Ke7 33. Kd4 Kd6 34. Kc4 Ke5 35. Kxb4 Kf4 36. a4 Ke3 37. a5 Kf2 38. Bb7
Kg1 39. h3 Kh2 40. a6 g5 41. a7 h5 42. a8=Q g4 43. hxg4 hxg4 44. Qh8+ Kg3
45. Qe5+ Kh4 46. Qf4 f5 47. Bf3 Kh5 48. Qxf5+ Kh4 49. Qxg4# { Black
checkmated } 1-0

[Event "ICC tourney 2556 (25 5)"]
[Site "Internet Chess Club"]
[Date "2021.05.08"]
[Round "3"]
[White "AGNIHOTRI, AADI:K05-16443397"]
[Black "CHANG, LUCA:K05-16081600"]
[Result "0-1"]
[ICCResult "White checkmated"]
[WhiteElo "1183"]
[BlackElo "1533"]
[Opening "Sicilian defense"]
[ECO "B20"]
[NIC "SI.48"]
[Time "15:32:22"]
[PlyCount "124"]
[TimeControl "1500+5"]

1. e4 c5 2. Bc4 Nc6 3. Nc3 Nf6 4. Nf3 g6 5. Ng5 e6 6. O-O Bg7 7. d3 O-O 8.
Re1 d5 9. exd5 exd5 10. Bb3 Bf5 11. Bf4 Rc8 12. Nf3 a6 13. h3 b5 14. Qd2 c4
15. dxc4 dxc4 16. Qxd8 Rcxd8 17. Bxc4 bxc4 18. g4 Bxc2 19. Rac1 Bd3 20. Na4
Rfe8 21. Be3 Nd5 22. Nc5 Nxe3 23. Nxd3 Rxd3 24. Rxe3 Rdxe3 25. fxe3 c3 26.
bxc3 Rxe3 27. Ng5 h6 28. Kf2 Rxc3 29. Rxc3 Bxc3 30. Ne4 Bd4+ 31. Ke2 f5 32.
gxf5 gxf5 33. Nd6 f4 34. Kf3 Be5 35. Nf5 Nd4+ 36. Nxd4 Bxd4 37. Kxf4 Kf7
38. Ke4 Bf2 39. Kd5 Kf6 40. a4 Kg5 41. Kc6 Kh4 42. a5 Kxh3 43. Kb7 Kg2 44.
Kxa6 h5 45. Kb5 h4 46. a6 h3 47. a7 Bxa7 48. Ka6 h2 49. Kb5 h1=Q 50. Kc6
Qh5 51. Kb7 Qc5 52. Ka8 Bb6 53. Kb7 Bd8 54. Ka8 Qc6+ 55. Ka7 Kf3 56. Kb8
Ke4 57. Ka7 Kd5 58. Kb8 Bh4 59. Ka7 Kc5 60. Kb8 Qd7 61. Ka8 Kb6 62. Kb8
Qb7# { White checkmated } 0-1

[Event "ICC tourney 2556 (25 5)"]
[Site "Internet Chess Club"]
[Date "2021.05.08"]
[Round "3"]
[White "SETHI, KANWAR:K05-16874098"]
[Black "LIN, JULIAN:K05-15856697"]
[Result "1-0"]
[ICCResult "Black checkmated"]
[WhiteElo "852"]
[BlackElo "1648"]
[Opening "French: exchange variation"]
[ECO "C01"]
[NIC "FR.01"]
[Time "15:31:20"]
[PlyCount "143"]
[TimeControl "1500+5"]

1. e4 e6 2. d4 d5 3. exd5 exd5 4. Nf3 Nf6 5. Bf4 Nc6 6. Be2 Be7 7. Nc3 O-O
8. O-O Bg4 9. a4 Re8 10. Re1 Bb4 11. Bg3 Ne4 12. Qd3 Qd7 13. Ne5 Nxe5 14.
Bxe5 Bf5 15. Qf3 f6 16. Bxc7 Rac8 17. Bb5 Qe6 18. Bxe8 Rxc7 19. Rac1 Bg4
20. Qf4 Bd6 21. Qe3 Qxe8 22. Nxd5 Qh5 23. h3 Qxd5 24. hxg4 Re7 25. c4 Qg5
26. Qb3 Kh8 27. c5 Bf4 28. Rc2 Qh4 29. Qh3 Qg5 30. Rce2 Qd5 31. Qf3 g5 32.
Rxe4 Rxe4 33. Qxe4 Qf7 34. Qe8+ Qxe8 35. Rxe8+ Kg7 36. Re7+ Kg6 37. Rxb7 a5
38. Ra7 Bd2 39. c6 Bf4 40. Rxa5 Kf7 41. Rc5 Bc7 42. b4 Ke6 43. a5 Kd6 44.
a6 Bb6 45. Rb5 Kxc6 46. d5+ Kxb5 47. Kf1 Ba7 48. Ke2 Kb6 49. Kd3 Kxa6 50.
Ke4 Bb8 51. Kf5 Be5 52. Ke6 Kb7 53. d6 Kc8 54. Ke7 Bxd6+ 55. Kxd6 f5 56.
gxf5 h5 57. Ke7 g4 58. f6 h4 59. f7 Kb7 60. f8=Q h3 61. gxh3 gxh3 62. Qf3+
Kc7 63. Qxh3 Kc6 64. Qe6+ Kb5 65. f4 Kxb4 66. f5 Kc3 67. f6 Kd2 68. f7 Kd3
69. f8=Q Kd4 70. Qf3 Kc5 71. Qec6+ Kb4 72. Qfc3# { Black checkmated } 1-0

[Event "ICC tourney 2556 (25 5)"]
[Site "Internet Chess Club"]
[Date "2021.05.08"]
[Round "3"]
[White "WANG, YOURAN:K05-16488667"]
[Black "BUCHIREDDY, ARYAN:K05-17330263"]
[Result "1-0"]
[ICCResult "Black resigns"]
[WhiteElo "1553"]
[BlackElo "843"]
[Opening "French: advance, Paulsen attack"]
[ECO "C02"]
[NIC "FR.03"]
[Time "15:32:04"]
[PlyCount "147"]
[TimeControl "1500+5"]

1. e4 e6 2. d4 d5 3. e5 c5 4. c3 Nc6 5. Nf3 Qb6 6. a3 c4 7. Qc2 Na5 8. Nbd2
Ne7 9. Be2 Nf5 10. O-O Be7 11. Rb1 Nb3 12. Nxb3 Qxb3 13. Qxb3 cxb3 14. Bb5+
Bd7 15. Bxd7+ Kxd7 16. Nd2 a5 17. Nxb3 a4 18. Na1 b5 19. Nc2 Rhc8 20. Ne3
Nxe3 21. Bxe3 h5 22. g3 g6 23. f3 Rc7 24. Rbc1 Rac8 25. Ra1 Rc4 26. Rf2
R4c7 27. h3 Rh8 28. Kg2 h4 29. g4 g5 30. f4 gxf4 31. Bxf4 Rcc8 32. Be3 Rcf8
33. Raf1 Rh7 34. Rf3 Rg7 35. Bh6 Rgg8 36. Bxf8 Rxf8 37. Rxf7 Ke8 38. Rxf8+
Bxf8 39. Rf4 Be7 40. Kf2 Bg5 41. Rf3 Ke7 42. Kg2 Ke8 43. Rf1 Ke7 44. Rb1
Kd7 45. b3 axb3 46. Rxb3 Kc6 47. Kf3 Be7 48. Kf4 Kb6 49. g5 Bf8 50. g6 Bh6+
51. Kg4 Ka5 52. Kxh4 Ka4 53. Rb1 Kxa3 54. Rxb5 Ka4 55. Rc5 Kb3 56. Kh5 Bf8
57. Kg5 Be7+ 58. Kh6 Bf8+ 59. Kh7 Bxc5 60. dxc5 Kxc3 61. g7 d4 62. g8=Q d3
63. Qg3 Kc2 64. Qxd3+ Kxd3 65. c6 Kd4 66. c7 Kxe5 67. c8=Q Ke4 68. Qxe6+
Kf4 69. h4 Kg3 70. h5 Kf4 71. h6 Kg5 72. Kg7 Kf4 73. h7 Kf3 74. h8=Q {
Black resigns } 1-0

[Event "ICC tourney 2556 (25 5)"]
[Site "Internet Chess Club"]
[Date "2021.05.08"]
[Round "3"]
[White "SHAHINYAN, INNA:K05-17114472"]
[Black "BUPESHNATH, ARJUN:K05-15891702"]
[Result "1-0"]
[ICCResult "Black checkmated"]
[WhiteElo "635"]
[BlackElo "1035"]
[Opening "two knights defense: Bogolyubov variation"]
[ECO "C58"]
[NIC "KP.01"]
[Time "15:30:20"]
[PlyCount "121"]
[TimeControl "1500+5"]

1. e4 e5 2. Nf3 Nc6 3. Bc4 Nf6 4. Ng5 d5 5. exd5 Na5 6. Bb5+ c6 7. dxc6
bxc6 8. Qf3 Bd7 9. Ba4 Bd6 10. Nc3 Qc7 11. d3 O-O 12. O-O e4 13. Ncxe4 Nxe4
14. Nxe4 Bxh2+ 15. Kh1 Be5 16. Kg1 Rab8 17. c3 Bh2+ 18. Kh1 Bd6 19. Nxd6
Qxd6 20. d4 Nc4 21. Bb3 Na5 22. Bc2 Rfe8 23. b3 c5 24. Bf4 Qb6 25. Bxb8
Rxb8 26. dxc5 Qh6+ 27. Kg1 Nb7 28. b4 Nd8 29. Qg3 Rc8 30. Qe3 Qxe3 31. fxe3
Ne6 32. Rad1 Bb5 33. Bd3 Ba4 34. Rde1 Rd8 35. Bc4 h6 36. Bb3 Bb5 37. Rf5
Rd3 38. c4 Bd7 39. Rd5 Rxd5 40. cxd5 Nd8 41. c6 Nxc6 42. dxc6 Bxc6 43. Bc2
Kf8 44. e4 Ke7 45. e5 Ke6 46. Kf2 f6 47. exf6+ Kxf6 48. g3 g5 49. Bb3 Bb5
50. Re6+ Kg7 51. a4 Bd7 52. Re7+ Kf8 53. Rxd7 h5 54. b5 h4 55. gxh4 gxh4
56. Rh7 Ke8 57. a5 h3 58. b6 axb6 59. axb6 h2 60. b7 h1=Q 61. b8=Q# { Black
checkmated } 1-0

[Event "ICC tourney 2556 (25 5)"]
[Site "Internet Chess Club"]
[Date "2021.05.08"]
[Round "3"]
[White "REN, JOCELYN:K05-16899282"]
[Black "L LIU, JASON:K05-15325166"]
[Result "1-0"]
[ICCResult "Black checkmated"]
[WhiteElo "1234"]
[BlackElo "1615"]
[Opening "Ruy Lopez: exchange variation, 5.O-O"]
[ECO "C68"]
[NIC "RL.08"]
[Time "15:32:44"]
[PlyCount "73"]
[TimeControl "1500+5"]

1. e4 e5 2. Nf3 Nc6 3. Bb5 a6 4. Bxc6 dxc6 5. O-O Bd6 6. d4 exd4 7. Qxd4
Nf6 8. e5 c5 9. Qd1 O-O 10. exd6 cxd6 11. Bg5 h6 12. Bh4 d5 13. Nc3 d4 14.
Ne4 g5 15. Nxf6+ Qxf6 16. Bg3 Qb6 17. b3 f5 18. Be5 Re8 19. Re1 Bd7 20. h3
f4 21. c3 Rad8 22. cxd4 Bc6 23. Qc2 Bxf3 24. gxf3 cxd4 25. Qc4+ Kf8 26. Bc7
Qf6 27. Bxd8 Rxd8 28. Rad1 Kg7 29. Re6 Qf7 30. Re4 Qf6 31. Rexd4 b5 32.
Qc7+ Kg6 33. Rxd8 Kh5 34. R8d6 Qf5 35. Kg2 b4 36. Qg7 Qc2 37. Qxh6# { Black
checkmated } 1-0

[Event "ICC tourney 2556 (25 5)"]
[Site "Internet Chess Club"]
[Date "2021.05.08"]
[Round "3"]
[White "JAYESH GANDHI, REYANSH:K05-16772340"]
[Black "VARDHAN, SHAIV:K05-16957684"]
[Result "0-1"]
[ICCResult "White checkmated"]
[WhiteElo "721"]
[BlackElo "1086"]
[Opening "two knights defense: Wilkes Barre (Traxler) variation"]
[ECO "C57"]
[NIC "KP.01"]
[Time "15:32:40"]
[PlyCount "160"]
[TimeControl "1500+5"]

1. e4 e5 2. Nf3 Nc6 3. Bc4 Nf6 4. Ng5 Bc5 5. Nxf7 Bxf2+ 6. Kxf2 Nxe4+ 7.
Ke3 Qh4 8. Qf3 Nf6 9. Nxh8 Nd4 10. Bf7+ Kf8 11. g3 Qg5+ 12. Kd3 Nxf3 13.
Kc3 Ne4+ 14. Kb3 Nfxd2+ 15. Nxd2 Nxd2+ 16. Kc3 Ne4+ 17. Kb3 Qf6 18. Be3 Qe7
19. Rhf1 Nf6 20. g4 h6 21. Ng6+ Kxf7 22. Nxe7 Kxe7 23. g5 Ng4 24. Bg1 hxg5
25. h3 Nf6 26. Rf2 d6 27. Rf3 Be6+ 28. Ka3 Bd5 29. Rg3 Ne4 30. Rg4 Kf7 31.
Be3 Kf6 32. Rag1 Rh8 33. Bxg5+ Nxg5 34. Rxg5 Rxh3+ 35. b3 Rh7 36. Rg6+ Kf7
37. c4 Be4 38. R6g4 Bf5 39. Rf1 Ke6 40. Rg5 g6 41. b4 Bd3 42. Rd1 Bxc4 43.
Rxg6+ Kf5 44. Rgg1 b5 45. Rg2 Rh3+ 46. Kb2 Rh7 47. Rdg1 e4 48. Rg5+ Kf4 49.
R1g4+ Ke3 50. Rg3+ Kd4 51. Rg7 Rh2+ 52. Kc1 e3 53. R7g4+ Kd3 54. Rf4 Rh1+
55. Kb2 Kd2 56. Rd4+ Ke2 57. Re4 Rh2 58. Rexe3+ Kd1+ 59. Kb1 Bxa2+ 60. Ka1
Bc4 61. Rh3 Rxh3 62. Rxh3 d5 63. Rh7 d4 64. Rxc7 d3 65. Rh7 d2 66. Kb2 Ke2
67. Rh2+ Ke3 68. Kc2 Bb3+ 69. Kxb3 d1=Q+ 70. Kb2 Qd4+ 71. Kc2 Qc4+ 72. Kd1
Qb3+ 73. Kc1 Qc4+ 74. Kd1 Qf1+ 75. Kc2 Qf5+ 76. Kd1 Qd3+ 77. Kc1 Kd4 78.
Rh4+ Kc3 79. Rc4+ bxc4 80. b5 Qc2# { White checkmated } 0-1

[Event "ICC tourney 2556 (25 5)"]
[Site "Internet Chess Club"]
[Date "2021.05.08"]
[Round "3"]
[White "KAUR, JIND:K05-15724996"]
[Black "LU, YIDING:K05-16857692"]
[Result "1/2-1/2"]
[ICCResult "Game drawn by repetition"]
[WhiteElo "1296"]
[BlackElo "1733"]
[Opening "Sicilian: Najdorf, Lipnitzky attack"]
[ECO "B86"]
[NIC "SI.13"]
[Time "15:30:43"]
[PlyCount "64"]
[TimeControl "1500+5"]

1. e4 c5 2. Nf3 d6 3. d4 cxd4 4. Nxd4 Nf6 5. Nc3 a6 6. Bc4 e6 7. O-O Be7 8.
Re1 b5 9. Bb3 Bb7 10. Qe2 b4 11. Nd1 Bxe4 12. Bg5 Bb7 13. Bxf6 Bxf6 14.
Nxe6 fxe6 15. Qxe6+ Be7 16. Qf7+ Kd7 17. Qe6+ Ke8 18. Qf7+ Kd7 19. Qe6+ Kc7
20. Qxe7+ Nd7 21. Qe6 Qg5 22. Qc4+ Kb8 23. Ne3 Ne5 24. Qxb4 Nf3+ 25. Kf1
Nxe1 26. Qxd6+ Ka7 27. Qd4+ Kb8 28. Qd6+ Ka7 29. Qd4+ Kb8 30. Qd6+ Ka7 31.
Qd4+ Kb8 32. Qd6+ Ka7 { Game drawn by repetition } 1/2-1/2

[Event "ICC tourney 2556 (25 5)"]
[Site "Internet Chess Club"]
[Date "2021.05.08"]
[Round "3"]
[White "GUDI, KEERTHANA:K05-16551243"]
[Black "DAVID YAN BO KOTCHEN, AARON:K05-16524882"]
[Result "0-1"]
[ICCResult "White checkmated"]
[WhiteElo "843"]
[BlackElo "1523"]
[Opening "Sicilian defense"]
[ECO "B20"]
[NIC "SI.48"]
[Time "15:31:44"]
[PlyCount "68"]
[TimeControl "1500+5"]

1. e4 c5 2. Bc4 e6 3. Nf3 d5 4. Bb5+ Bd7 5. Bxd7+ Nxd7 6. exd5 exd5 7. O-O
Ngf6 8. Re1+ Be7 9. d3 O-O 10. Nh4 Bd6 11. Nf5 Bc7 12. Bg5 h6 13. Ne7+ Kh8
14. Bxf6 Nxf6 15. Nc3 Qd6 16. g3 Rfe8 17. Nf5 Qd7 18. Qf3 Ba5 19. Red1 d4
20. Ne4 Nxe4 21. dxe4 Re5 22. Nxh6 Rf8 23. Ng4 Rg5 24. h3 f5 25. Ne5 Qe7
26. Nc4 fxe4 27. Qe2 Bc7 28. h4 Rg6 29. a3 Qxh4 30. Re1 Bxg3 31. fxg3 Rxg3+
32. Qg2 Rxg2+ 33. Kxg2 Rf2+ 34. Kg1 Qh2# { White checkmated } 0-1

[Event "ICC tourney 2556 (25 5)"]
[Site "Internet Chess Club"]
[Date "2021.05.08"]
[Round "3"]
[White "ADEWUMI, TANITOLUWA:K05-16649696"]
[Black "SUAREZ, SEBASTIAN:K05-16875347"]
[Result "1-0"]
[ICCResult "Black checkmated"]
[WhiteElo "2132"]
[BlackElo "1414"]
[Opening "Queen's pawn, Mason variation"]
[ECO "D00"]
[NIC "QP.08"]
[Time "15:30:45"]
[PlyCount "199"]
[TimeControl "1500+5"]

1. d4 d5 2. Bf4 Nf6 3. e3 Bf5 4. c4 e6 5. Nc3 c6 6. Qb3 Qb6 7. c5 Qxb3 8.
axb3 a6 9. b4 Nh5 10. Be5 Nd7 11. h3 Nhf6 12. g4 Bg6 13. Bg3 Rc8 14. Nf3
Ne4 15. Bf4 Be7 16. Rg1 h6 17. Nxe4 Bxe4 18. Nd2 Bg6 19. Nb3 Ra8 20. b5
cxb5 21. Bxb5 Rc8 22. Ba4 Bc2 23. Kd2 Bxb3 24. Bxb3 g5 25. Bg3 Kf8 26. Ba4
Nf6 27. Be5 Kg7 28. b4 Bd8 29. b5 axb5 30. Bxb5 Bc7 31. Bxc7 Rxc7 32. f3
Rhc8 33. Rgc1 Nd7 34. Ra7 Nb8 35. Rb1 b6 36. Rxc7 Rxc7 37. cxb6 Rb7 38. Bd3
Nd7 39. h4 Rxb6 40. Rh1 Nf6 41. hxg5 hxg5 42. Bc2 Rb8 43. Kc3 Rc8+ 44. Kb3
Rb8+ 45. Ka3 Rc8 46. Kb2 Rb8+ 47. Kc3 Rc8+ 48. Kd2 Rb8 49. e4 Rh8 50. Rxh8
Kxh8 51. e5 Nd7 52. Kc3 Kg7 53. Kb4 f6 54. Ba4 Nb6 55. Bb5 fxe5 56. dxe5
Kf7 57. Kc5 Nc8 58. Bd7 Ne7 59. Kd6 d4 60. Bxe6+ Kf8 61. Bc4 Ng6 62. Kd5
Nh4 63. Kd6 Ng6 64. e6 Ke8 65. Bd3 Ne7 66. Ke5 Nc6+ 67. Kd5 Nb4+ 68. Kxd4
Nxd3 69. Kxd3 Ke7 70. Kd4 Kxe6 71. Ke4 Kf6 72. Kd5 Kg7 73. Ke5 Kg6 74. Ke6
Kg7 75. Kf5 Kh6 76. Kf6 Kh7 77. Kxg5 Kg7 78. f4 Kf7 79. f5 Kg7 80. f6+ Kg8
81. Kf5 Kf8 82. g5 Kf7 83. g6+ Kg8 84. Ke6 Kf8 85. f7 Kg7 86. Ke7 Kxg6 87.
f8=Q Kh7 88. Qf6 Kg8 89. Qg5+ Kh8 90. Kf8 Kh7 91. Kf7 Kh8 92. Qf4 Kh7 93.
Qg4 Kh8 94. Qg5 Kh7 95. Ke8 Kh8 96. Kf8 Kh7 97. Ke7 Kh8 98. Ke8 Kh7 99. Kf8
Kh8 100. Qh4# { Black checkmated } 1-0

[Event "ICC tourney 2556 (25 5)"]
[Site "Internet Chess Club"]
[Date "2021.05.08"]
[Round "3"]
[White "UEZU, AUSTIN:K05-16532086"]
[Black "HUANG WANG, WILLIAM:K05-16426896"]
[Result "0-1"]
[ICCResult "White checkmated"]
[WhiteElo "1196"]
[BlackElo "1554"]
[Opening "Sicilian: accelerated fianchetto, modern variation with Bc4"]
[ECO "B35"]
[NIC "SI.33"]
[Time "15:32:04"]
[PlyCount "114"]
[TimeControl "1500+5"]

1. e4 c5 2. Nf3 g6 3. d4 cxd4 4. Nxd4 Nc6 5. Nc3 Bg7 6. Be3 Nf6 7. Bc4 O-O
8. Bb3 a5 9. f3 a4 10. Bxa4 Nxd4 11. Bxd4 d6 12. Qd2 Be6 13. g4 Qa5 14. h4
Rfc8 15. Bb3 Bxb3 16. cxb3 Qb4 17. h5 Nxe4 18. Nxe4 Qxd4 19. hxg6 Qxd2+ 20.
Kxd2 hxg6 21. Nc3 Rc6 22. Rae1 e6 23. Rh2 Bxc3+ 24. bxc3 Rxa2+ 25. Kd3 Rxh2
26. Ra1 b5 27. Ra5 Rh3 28. Rxb5 Rxf3+ 29. Kd4 Rfxc3 30. b4 R3c4+ 31. Kd3
Rxg4 32. Rb8+ Kg7 33. b5 Rc7 34. b6 Rd7 35. b7 Rb4 36. Kc3 Rbxb7 37. Ra8
Rdc7+ 38. Kd3 d5 39. Ra1 e5 40. Ra5 Rd7 41. Ke3 f5 42. Ra6 Rb3+ 43. Ke2 e4
44. Kf2 d4 45. Ke2 d3+ 46. Kd2 Rb2+ 47. Kc3 d2 48. Kxb2 d1=Q 49. Ra2 Rd2+
50. Ka3 Rxa2+ 51. Kxa2 Qd2+ 52. Ka1 Qb4 53. Ka2 e3 54. Ka1 e2 55. Ka2 Qb5
56. Ka3 e1=Q 57. Ka2 Qea5# { White checkmated } 0-1